 Dungeon Crawl Stone Soup version 0.24-a0-584-g9d6b971ae4 (webtiles) character file.

Game seed: 8687206943932185687, levelgen mode: deterministic

29 Htamos the Skirmisher (level 3, -2/29 HPs)
             Began as a Mummy Abyssal Knight on Sept 3, 2019.
             Was a Follower of Lugonu.
             Slain by an adder (3 damage)
             ... on level 2 of the Dungeon.
             The game lasted 00:01:37 (1129 turns).

Htamos the Skirmisher (Mummy Abyssal Knight)        Turns: 1129, Time: 00:01:37

Health: -2/29      AC:  3    Str: 16    XL:     3   Next: 1%
Magic:  4/4        EV: 11    Int: 11    God:    Lugonu [*.....]
Gold:   23         SH:  0    Dex: 11    Spells: 2/2 levels left

rFire    x . .     SeeInvis .   a - +2 hand axe
rCold    + . .     Gourm    .   (no shield)
rNeg     + + +     Faith    .   b - +0 leather armour
rPois    ∞         Spirit   .   (no helmet)
rElec    .         Reflect  .   (no cloak)
rCorr    .         Harm     .   (no gloves)
MR       .....                  (no boots)
Stlth    +.........             (no amulet)
HPRegen  0.09/turn              (no ring)
MPRegen  0.09/turn              (no ring)

@: no status effects
A: no food or potions, fire vulnerability, cold resistance 1, negative energy
resistance 3, torment resistance, unbreathing
a: Depart the Abyss, Renounce Religion


You were on level 2 of the Dungeon.
You worshipped Lugonu.
Lugonu was aware of your devotion.
You were not hungry.

You visited 1 branch of the dungeon, and saw 2 of its levels.
You visited the Abyss 1 time.

You collected 23 gold pieces.

Inventory:

Hand Weapons
 a - a +2 hand axe (weapon)
Armour
 b - a +0 leather armour (worn)
Jewellery
 e - an uncursed ring of wizardry {unknown}
Scrolls
 d - a scroll of teleportation {unknown}
 f - a scroll of fog {unknown}


   Skills:
 + Level 3.2 Fighting
 + Level 1.9 Axes
 + Level 1.9 Armour
 + Level 1.2 Dodging
 + Level 1.9 Invocations


You had 2 spell levels left.
You didn't know any spells.
Your spell library was empty.

Dungeon Overview and Level Annotations

Branches:
Dungeon (1/15)

Altars:


Innate Abilities, Weirdness & Mutations

You do not eat or drink.
Your flesh is vulnerable to fire.
You are immune to poison.
Your flesh is cold resistant. (rC+)
You are immune to negative energy. (rN+++)
You are immune to unholy pain and torment.
You can survive without breathing.


Message History

You barely miss the adder.
The adder is lightly wounded.
The adder hisses angrily.
The adder bites you.
* * * LOW HITPOINT WARNING * * *
The adder bites you.
* * * LOW HITPOINT WARNING * * *
As you read the scroll labeled FIUGIMAAME, it crumbles to dust.
It is a scroll of enchant weapon.
Your +1 hand axe glows red for a moment.
The adder bites you but does no damage.
You miss the adder.
The adder is lightly wounded.
The adder bites you.
* * * LOW HITPOINT WARNING * * *
The adder barely misses you.
You hit the adder.
The adder is heavily wounded.
The adder bites you.
You die...

#..............
#..............
#..............
#.............
#............
#.........#.
#..)......#.
#@?....#.##
##S...((#..#
#...S.....##'##+#####
#...######...........
#... #...........
#... #...........
#... #...........
.... #...........
#...........


You could see 2 adders.

Vanquished Creatures
  An ooze (D:1)
  A dart slug (D:1)
  2 bats (D:2)
  2 giant cockroaches (D:1)
  A goblin (D:1)
  A hobgoblin (D:1)
  4 jackals (D:1)
  4 kobolds
  4 frilled lizards (D:1)
  A rat (D:1)
21 creatures vanquished.

Notes
Turn   | Place    | Note
-------+----------+-------------------------------------------
     0 | Abyss:1  | Htamos the Mummy Abyssal Knight began the quest for the
                  | Orb.
     0 | Abyss:1  | Reached XP level 1. HP: 18/18 MP: 2/2
    28 | Abyss:1  | Found a corrupted altar of Lugonu.
    39 | Abyss:1  | Found a shimmering altar of Xom.
    42 | Abyss:1  | Noticed a small abomination
    42 | Abyss:1  | Noticed a wretched star
    42 | Abyss:1  | Noticed a chaos spawn
    60 | D:1      | Escaped the Abyss
   119 | D:1      | Reached * piety under Lugonu
   213 | D:1      | Reached skill level 1 in Dodging
   215 | D:1      | Reached XP level 2. HP: 22/24 MP: 3/3
  1044 | D:1      | You fall into a shaft and drop 1 floor!
  1112 | D:2      | Reached XP level 3. HP: 27/29 MP: 4/4
  1128 | D:2      | HP: 1/29 [adder (4)]
  1129 | D:2      | Slain by an adder

Levels and vault maps discovered:
D:1:      nicolae_arrival_somewhat_less_tricky_arrival, layout_basic
D:2:      layout_basic, marbit_many_paths

Skill      XL: |  1 |
---------------+----+-----
Dodging        | 1 |  1.2
Fighting       | |  3.2
Axes           | |  1.9
Armour         | |  1.9
Invocations    | |  1.9

Action                   || total
-------------------------++-------
Melee: Hand axe          ||    70
Invok: Depart the Abyss  ||     1
  Use: Scroll            ||     1
Armor: Leather armour    ||    24
Dodge: Dodged            ||    49

Table legend:
 A = Non-vault XP
 B = Vault XP
 C = Vault XP percentage of total XP
 D = Non-vault monster count
 E = Vault monster count
 F = Vault count percentage of total count
                 A         B        C        D         E       F
            +---------+---------+-------+---------+---------+-------
      Total |      42 |       0 |   0.0 |      21 |       0 |   0.0
            +---------+---------+-------+---------+---------+-------
        D:1 |      35 |       0 |   0.0 |      17 |       0 |   0.0
        D:2 |       7 |       0 |   0.0 |       4 |       0 |   0.0
            +---------+---------+-------+---------+---------+-------
